AoeStats
← [ KOF ] M. Kowalski

Nomad

507849668Analyzed
2v2 RM · 11d ago on Sep 19, 2026· 46m 8s· 4 players
Game mode
Random Map
Map size
176×176
Population
200
Speed
Normal
Resources
Standard
Victory
Conquest
Starting age
Dark Age
Ending age
Imperial Age
RankedLock teamsTeams togetherTeam positionsShared explorationLock speedFull tech treeHidden civsTurbo modeCheats
Victory
Defeat
🇨🇦 Spanish · Canada
1337
+17
🇩🇰 Cumans · Denmark
1318
+18
🇲🇽 Persians · Mexico
1398
-19
🇦🇷 Mongols · Argentina
1332
-16
Nhitty
4:55 Loom
13:17 Feudal Age
17:33 Castle Age
17:29 Double-Bit Axe
28:48 Padded Archer Armor
31:41 Leather Archer Armor
37:39 Imperial Age
40:58 Imperial Age
tailwindhighhorses
9:29 Loom
12:02 Feudal Age
13:16 Double-Bit Axe
13:50 Gold Mining
14:13 Horse Collar
17:04 Wheelbarrow
19:44 Fletching
20:11 Padded Archer Armor
25:31 Castle Age
24:17 Bloodlines
24:20 Scale Barding Armor
24:34 Stone Mining
25:30 Forging
25:46 Town Watch
26:35 Bow Saw
29:30 Chain Barding Armor
29:29 Heavy Plow
30:07 Gold Shaft Mining
34:17 Iron Casting
41:26 Imperial Age
40:55 Bodkin Arrow
41:40 Cavalier
43:11 Plate Barding Armor
43:37 Blast Furnace
44:06 Paladin
46:39 Conscription
~KOF~Legonas
8:59 Loom
12:15 Feudal Age
18:28 Castle Age
17:47 Bloodlines
17:29 Double-Bit Axe
18:58 Town Watch
21:31 Horse Collar
23:10 Elite Skirmisher
31:44 Wheelbarrow
35:29 Imperial Age
34:26 Bow Saw
35:16 Husbandry
35:34 Scale Barding Armor
42:52 Forging
44:42 Heavy Plow
[ KOF ] M. Kowalski
6:02 Loom
12:26 Feudal Age
16:43 Castle Age
15:43 Town Watch
19:10 Fletching
22:00 Double-Bit Axe
28:49 Bow Saw
30:55 Ballistics
30:46 Masonry
32:09 Wheelbarrow
32:20 Bodkin Arrow
41:27 Imperial Age
40:21 Padded Archer Armor
42:36 Bracer
43:35 Horse Collar
Connection lost

Rejoining the realm…

Still unreachable

The connection could not be restored.

Session expired

The server has moved on; the page needs a fresh start.